AoeStats
← Maquee94

Arabia

503968344Analyzed
1v1 RM · 27d ago on Sep 3, 2026· 48m 18s· 2 players
Game mode
Random Map
Map size
Tiny (2 player)
Population
200
Speed
Normal
Resources
Standard
Victory
Conquest
Starting age
Dark Age
Ending age
Imperial Age
RankedLock teamsTeams togetherTeam positionsShared explorationLock speedFull tech treeHidden civsTurbo modeCheats
Victory
Defeat
🇬🇧 Wei · United Kingdom
984
+9
🇨🇱 Vietnamese · Chile
815
-9
Maquee94
11:55 Loom
14:08 Feudal Age
14:41 Double-Bit Axe
18:08 Horse Collar
22:27 Scale Mail Armor
22:18 Fletching
22:28 Padded Archer Armor
25:11 Padded Archer Armor
26:17 Forging
29:20 Wheelbarrow
29:04 Bloodlines
33:30 Castle Age
34:14 Elite Skirmisher
35:01 Thumb Ring
36:15 Bodkin Arrow
38:44 Leather Archer Armor
39:40 Crossbowman
43:57 Hand Cart
44:21 Scale Barding Armor
49:20 Imperial Age
GreatGurkhas
6:22 Loom
7:36 Loom
9:46 Feudal Age
11:04 Double-Bit Axe
15:43 Horse Collar
16:27 Bloodlines
18:24 Scale Barding Armor
20:12 Town Watch
20:33 Gold Mining
22:11 Forging
22:16 Stone Mining
24:35 Castle Age
26:02 Bow Saw
26:59 Heavy Plow
31:03 Fletching
31:53 Bodkin Arrow
32:36 Padded Archer Armor
33:48 Leather Archer Armor
34:41 Tuntian
36:31 Gold Shaft Mining
37:11 Thumb Ring
39:04 Wheelbarrow
42:35 Imperial Age
41:18 Stone Shaft Mining
43:24 Chain Barding Armor
43:43 Conscription
43:30 Bracer
44:01 Ring Archer Armor
43:36 Husbandry
44:44 Chemistry
44:05 Ballistics
43:58 Fervor
44:09 Sanctity
44:47 Hoardings
45:14 Ming Guang Armor
47:03 Parthian Tactics
Connection lost

Rejoining the realm…

Still unreachable

The connection could not be restored.

Session expired

The server has moved on; the page needs a fresh start.